 Dungeon Crawl Stone Soup version 0.30-a0-553-g7fabdf1491 (webtiles) character file.

Game seed: 5271858399708782771

255 kae the Changer (level 5, -2/44 HPs)
             Began as a Demonspawn Transmuter on Dec 26, 2022.
             Slain by Pikel
             ... wielding a +1 whip of electrocution
              (18 damage)
             ... on level 4 of the Dungeon.
             The game lasted 00:03:50 (3042 turns).

kae the Changer (Demonspawn Transmuter)             Turns: 3042, Time: 00:03:50

Health: -2/44      AC:  6    Str: 11    XL:     5   Next: 91%
Magic:  8/9        EV: 10    Int: 16    God:
Gold:   231        SH:  0    Dex: 13    Spells: 0/10 levels left

rFire   x . .      SeeInvis .      - Unarmed
rCold   + + +      Faith    .    (shield currently unavailable)
rNeg    . . .      Spirit   .    (body armour currently unavailable)
rPois   +          Reflect  .    (helmet currently unavailable)
rElec   .          Harm     .    (cloak currently unavailable)
rCorr   .          Rampage  .    (gloves currently unavailable)
Will    .....                    (boots currently unavailable)
Stlth   +                        j - amulet of magic regeneration
HPRegen 0.27/turn                (no ring)
MPRegen 0.51/turn                (no ring)

@: ice-form, wereblooded
A: freezing attack, amphibious, boosted hp, large, (horns 1), (demonic touch 2)
a: End Transformation


You were on level 4 of the Dungeon.
You were a creature of crystalline ice.
You visited 1 branch of the dungeon, and saw 4 of its levels.

You collected 231 gold pieces.


Innate Abilities, Weirdness & Mutations

You are a creature of crystalline ice.
You have a powerful freezing melee attack.
You are amphibious.
Your maximum health is increased.
Your armour is entirely melded.
You are incapable of wielding weapons or throwing items.
((You have a pair of small horns on your head.))
((Your touch may inflict irresistible damage on your foes.))


   Skills:
 - Level 1.0 Fighting
 - Level 1.7 Dodging
 + Level 3.6 Unarmed Combat
 + Level 3.2 Spellcasting
 * Level 3.9 Transmutations
 * Level 1.1 Ice Magic
 + Level 1.1 Poison Magic


You couldn't memorise any spells.
You knew the following spells:

 Your Spells              Type           Power      Damage    Failure   Level
a - Beastly Appendage     Tmut           30%        N/A       3%          1
b - Wereblood             Tmut           15%        N/A       5%          2
c - Spider Form           Tmut/Pois      10%        N/A       19%         3
d - Ice Form              Ice/Tmut       10%        N/A       54%         4

Your spell library contained the following spells:

 Spells                   Type           Power      Damage    Failure   Level
 Freeze                   Ice            24%        1d4       12%         1
 Frozen Ramparts          Ice            12%        1d2       34%         3
 Hailstorm                Conj/Ice       4%         3d4       41%         3
 Yara's Violent Unravell  Hex/Tmut       4%         3d4       92%         5
 Enfeeble                 Hex            1%         N/A       100%        7

Inventory:

Missiles
 h - 42 stones
 i - 11 poisoned darts
 t - 6 javelins
Armour
 a - a +1 robe (melded)
Jewellery
 j - an amulet of magic regeneration (around neck)
   (You found it on level 1 of the Dungeon)
 F - a ring of protection from fire
   (You found it on level 2 of the Dungeon)
 N - a ring of positive energy
   (You found it on level 3 of the Dungeon)
 O - a +4 ring of protection
   (You found it on level 2 of the Dungeon)
Wands
 g - a wand of quicksilver (10)
   (You found it on level 3 of the Dungeon)
 n - a wand of polymorph (1)
   (You found it on level 4 of the Dungeon)
 o - a wand of iceblast (7)
   (You found it on level 2 of the Dungeon)
 p - a wand of flame (23)
   (You found it on level 4 of the Dungeon)
 q - a wand of charming (21)
   (You took it off Ijyb on level 3 of the Dungeon)
Scrolls
 b - a scroll of enchant armour
 c - 3 scrolls of noise {!r}
 d - a scroll of brand weapon
 e - 6 scrolls of teleportation {@r4}
 f - a scroll of identify {@r1}
 m - a scroll of enchant weapon
 r - 2 scrolls of immolation {unknown}
Potions
 k - a potion of attraction {!q}
 l - a potion of invisibility
 s - a potion of heal wounds {@q2}

Dungeon Overview and Level Annotations

Branches:
Dungeon (4/15) Zot: 20965
 Temple: D:4-7

Altars:

Annotations:
D:3 Sigmund
D:4 Pikel

.............##
.......5....## .....
.......5....# ......#
...........##
#.........##
.####...####
#...........# ###.5##
##...........# ##55##
#............##
##5K###............#.
###Y.##............#
##..#............#
##..#......)....#
##.............#
###...........#
#..........##
#..#.......##
#.####.###### #.# ###
#[


You could see Pikel and 4 lemures.


Message History

Key pressed, stopping explore.
No target in view!
No target in view! 😎 MP[+1]
Your mp is fully restored (9).
You feel a little less mighty now.
Your transformation is almost over.
h - 36 stones (gained 5)
p - a wand of flame (23)
You now have 209 gold pieces (gained 10).
You see here a +0 leather armour.
Your transformation has ended.
Your +1 robe unmelds from your body.
t - 6 javelins Unknown command.
You now have 218 gold pieces (gained 9).
h - 42 stones (gained 6)
There is an open door here.
You see here a +0 dagger.
You see here a +1 short sword of distortion {!w}.
You now have 231 gold pieces (gained 13).
An orc comes into view. It is wielding a +0 dagger of venom.
An orc is nearby!
An orc is nearby!
An orc is nearby!
Found a stone staircase leading up.
Casting: Spider Form (quite dangerous; 19% risk of failure)
Confirm with . or Enter, or press ? or * to list all spells.
The spell is quite dangerous to miscast (19% risk of failure)!
Continue anyway? [Y]es or [N]o only, please.
The spell is quite dangerous to miscast (19% risk of failure)!
Continue anyway?
You turn into a venomous arachnid creature.
Your +1 robe melds into your body. 😎 MP[-3]
You lost 3 mp, and now have 6/9 mp.
You hit the orc.
The orc is poisoned.
The orc barely misses you.
You hit the orc. 😎 MP[+1]
An orc is nearby!
You hit the orc.
You kill the orc!
No target in view! 😎 MP[+1]
You see here a +0 dagger of venom. 😎 MP[+1]
Your mp is fully restored (9).
No target in view!
No target in view!
A lemure comes into view.
Your transformation is almost over.
A lemure is nearby!
A lemure is nearby! 3 lemures come into view.
The lemure shouts! x4
Pikel, Merchant of Souls comes into view.
He is wielding a +1 whip of electrocution.
Pikel shouts!
You see here a +0 dagger of venom.
Your transformation has ended.
Your +1 robe unmelds from your body.
Casting: Spider Form (quite dangerous; 19% risk of failure)
Confirm with . or Enter, or press ? or * to list all spells.
The spell is extremely dangerous to miscast (54% risk of failure)!
Continue anyway? [Y]es or [N]o only, please.
The spell is extremely dangerous to miscast (54% risk of failure)!
Continue anyway?
You turn into a creature of crystalline ice.
Your +1 robe melds into your body. 😎 HP[+7] MP[-4]
You now have 44 max hp (+7).
Your hp is fully restored (44).
You lost 4 mp, and now have 5/9 mp.
Casting: Ice Form (extremely dangerous; 54% risk of failure)
Confirm with . or Enter, or press ? or * to list all spells.
Your blood is infused with primal strength.
The lemure hits you!
The lemure closely misses you. 😕 HP[-7] MP[-1]
You take 7 damage, and now have 37/44 hp.
You lost 1 mp, and now have 4/9 mp.
You hit the lemure but do no damage. The lemure barely misses you. 😕 MP[+1]
You punch the lemure! You freeze the lemure. The lemure hits you! 😮 HP[-7]
You take 7 damage, and now have 30/44 hp.
You hit the lemure. You freeze the lemure. 😮 MP[+1]
You barely miss Pikel. 😮 HP[+1]
You punch Pikel! You freeze Pikel.
Pikel hits you with a +1 whip of electrocution. 😮 HP[-6] MP[+1]
You take 6 damage, and now have 25/44 hp.
You closely miss Pikel.
Pikel hits you with a +1 whip of electrocution. 😮 HP[-1]
You take 1 damage, and now have 24/44 hp.
Unknown command.
You closely miss Pikel.
Pikel hits you with a +1 whip of electrocution!
* * * LOW HITPOINT WARNING * * *
You are electrocuted!!
You die...

Skill      XL: |  1  2  3  4  5 |
---------------+----------------+-----
Transmutations | 2 3 |  3.9
Unarmed Combat | 3 |  3.6
Spellcasting   | 3 |  3.2
Poison Magic   | 1 |  1.1
Ice Magic      | 1 |  1.1
Fighting       | |  1.0
Dodging        | |  1.7

Action                   |  1- 3 |  4- 6 || total
-------------------------+-------+-------++-------
Melee: Unarmed           |   126 |    72 ||   198
       Kick              |    24 |     5 ||    29
       Headbutt          |    17 |     4 ||    21
       Punch             |     1 |       ||     1
       Touch             |     6 |     1 ||     7
 Cast: Beastly Appendage |    28 |     6 ||    34
       Spider Form       |       |     7 ||     7
       Wereblood         |       |     2 ||     2
       Ice Form          |       |     1 ||     1
  Use: Potion            |     2 |     3 ||     5
       Scroll            |     9 |       ||     9
Armor: Robe              |    29 |     2 ||    31
       Skin              |       |     3 ||     3
Dodge: Dodged            |    88 |    30 ||   118

Levels and vault maps discovered:
D:1:      nagdon_arrival_zigzag_paths, layout_basic
D:2:      layout_loops_ring, chequers_ecumenical_altar_island
D:3:      layout_basic, uniq_sigmund, uniq_ijyb, uniq_natasha
D:4:      minmay_opposing_rooms, layout_cave_pods, minmay_temple_entry_poolview,
          uniq_pikel

Notes
Turn   | Place    | Note
-------+----------+-------------------------------------------
     0 | D:1      | kae the Demonspawn Transmuter began the quest for the Orb.
     0 | D:1      | Reached XP level 1. HP: 15/15 MP: 3/3
     0 | D:1      | magus.rc [v1.11.3]
    55 | D:1      | Reached skill level 2 in Transmutations
   134 | D:1      | You feel monstrous as your demonic heritage exerts itself.
   134 | D:1      | Discovered your monstrous ancestry.
   134 | D:1      | Mutation became permanent: You have a pair of small horns
                  | on your head. [demonic ancestry]
   134 | D:1      | Gained mutation: You have a pair of horns on your head.
                  | [demonic ancestry]
   134 | D:1      | Reached XP level 2. HP: 21/21 MP: 3/5
   369 | D:1      | HP: 4/21 [hobgoblin (4)]
   385 | D:1      | Reached skill level 3 in Unarmed Combat
   492 | D:1      | Gained mutation: Your touch may inflict minor irresistible
                  | damage on your foes. [demonic ancestry]
   492 | D:1      | Reached XP level 3. HP: 17/26 MP: 4/6
   497 | D:1      | Learned a level 2 spell: Wereblood
   501 | D:1      | Learned a level 3 spell: Spider Form
   977 | D:2      | Found a faded altar of an unknown god.
  1240 | D:2      | You pick up a book of Misfortune and begin reading...
  1240 | D:2      | You add the spells Yara's Violent Unravelling and Enfeeble
                  | to your library.
  1435 | D:2      | Reached skill level 3 in Transmutations
  1782 | D:3      | Gained mutation: Your touch may inflict irresistible damage
                  | on your foes. [demonic ancestry]
  1782 | D:3      | Reached XP level 4. HP: 26/32 MP: 7/7
  1832 | D:3      | You pick up a book of Frost and begin reading...
  1832 | D:3      | You add the spells Freeze, Frozen Ramparts and Hailstorm to
                  | your library.
  1886 | D:3      | Noticed Sigmund
  2058 | D:3      | Noticed Ijyb
  2081 | D:3      | Killed Ijyb
  2270 | D:3      | Noticed Natasha
  2278 | D:3      | Killed Natasha
  2457 | D:4      | HP: 5/32 [acid (10)]
  2463 | D:4      | Reached skill level 3 in Spellcasting
  2463 | D:4      | Reached XP level 5. HP: 14/37 MP: 9/9
  2651 | D:4      | Learned a level 4 spell: Ice Form
  2865 | D:4      | Reached skill level 1 in Poison Magic
  2869 | D:4      | Reached skill level 1 in Ice Magic
  3019 | D:4      | Noticed a lemure
  3020 | D:4      | Noticed a lemure
  3020 | D:4      | Noticed a lemure
  3020 | D:4      | Noticed a lemure
  3021 | D:4      | Noticed Pikel
  3042 | D:4      | Slain by Pikel

Vanquished Creatures
  An orc priest (D:4)
  2 jellies (D:4)
  Ijyb (D:3)
  Natasha (D:3)
  2 gnolls (D:4)
  2 adders
  3 dart slugs
  3 orcs (D:4)
  4 endoplasms
  2 giant cockroaches
  8 hobgoblins
  7 jackals (D:1)
  4 kobolds
  3 quokkas
  6 ball pythons
  5 bats
  5 frilled lizards
  5 goblins
  9 rats
73 creatures vanquished.

Table legend:
 A = Non-vault XP
 B = Vault XP
 C = Vault XP percentage of total XP
 D = Non-vault monster count
 E = Vault monster count
 F = Vault count percentage of total count
                 A         B        C        D         E       F
            +---------+---------+-------+---------+---------+-------
      Total |     166 |     199 |  54.5 |      61 |      12 |  16.4
            +---------+---------+-------+---------+---------+-------
        D:1 |      59 |       0 |   0.0 |      34 |       0 |   0.0
        D:2 |      31 |       0 |   0.0 |      13 |       0 |   0.0
        D:3 |      18 |      72 |  80.0 |       5 |       2 |  28.6
        D:4 |      58 |     127 |  68.6 |       9 |      10 |  52.6
            +---------+---------+-------+---------+---------+-------

Illustrated notes

Table legend:
 A = Kills in this place as a percentage of kills in entire the game.
 B = Kills by you in this place as a percentage of kills by you in the entire game.
 C = Kills by friends in this place as a percentage of kills by friends in the entire game.
 D = Other kills in this place as a percentage of other kills in the entire game.
 E = Experience gained in this place as a percentage of experience gained in the entire game.
 F = Experience gained in this place divided by the number of levels of this place that you have seen.
                   A       B       C       D       E      F
               +-------+-------+-------+-------+-------+----------------------
         Total | 100.0 | 100.0 |   N/A |   N/A | 100.0 |  91.2
       Dungeon | 100.0 | 100.0 |   N/A |   N/A | 100.0 |  91.2
               +-------+-------+-------+-------+-------+----------------------

Table legend: (Time is in decaauts)
 A = Elapsed time spent in this place.
 B = Non-inter-level travel time spent in this place.
 C = Inter-level travel time spent in this place.
 D = Time resting spent in this place.
 E = Time spent auto-exploring this place.
 F = Levels seen in this place.
 G = Mean time per level.
                   A        B        C        D        E       F      G
               +--------+--------+--------+--------+--------+-----+--------+
         Total |   3033 |   2902 |    131 |     62 |   2283 |   4 |  758.2 |
       Dungeon |   3033 |   2902 |    131 |     62 |   2283 |   4 |  758.2 |
               +--------+--------+--------+--------+--------+-----+--------+

Top non-repeatable levels by time:
     D:1: 956 daAuts
     D:2: 781 daAuts
     D:4: 674 daAuts
     D:3: 621 daAuts
